| TOP OF THE 1ST |
|
Cedar Rapids Cardinals batting - Pitching for Wausau Timbers : RHP Brian Buckley
|
|
Pitching: RHP Brian Buckley
|
|
|
Batting: RHB Nehames Bernstine
|
0-0: Ball 1-0: SINGLE (Line Drive, 78S, EV 95.6 MPH)
|
|
Batting: RHB Reggie D Williams
|
0-0: Ball 1-0: Called Strike 1-1: Ball 2-1: SINGLE (Flyball, 89S, EV 86.3 MPH) Nehames Bernstine to second Runner from 2nd tries for 3rd, SAFE, no throw by RF
|
|
Batting: RHB Winston Ficklin
|
0-0: Ball 1-0: Ball 2-0: Called Strike Reggie D Williams steals 2nd base 2-1: Called Strike 2-2: Strikes out swinging, 2-3 out at first.
|
|
Batting: LHB Robert O'Leath
|
0-0: Swinging Strike 0-1: Ball 1-1: Ball 2-1: Ground out U3 (Groundball, 34, EV 83.8 MPH) Nehames Bernstine scores Reggie D Williams to third
|
|
Batting: RHB Carson Carroll
|
0-0: Ball 1-0: Ball 2-0: Foul Ball, location: 2F 2-1: Ball 3-1: Base on Balls
|
|
Batting: LHB Chris Henry
|
0-0: Called Strike 0-1: Foul Ball, location: 2F 0-2: Fielders Choice at 2nd, 5-4 (Groundball, 56, EV 99.4 MPH)
|
| Top of the 1st over - 1 run, 2 hits, 0 errors, 2 left on base; Cedar Rapids 1 - Wausau 0 |
| BOTTOM OF THE 1ST |
|
Wausau Timbers batting - Pitching for Cedar Rapids Cardinals : RHP John Chomin
|
|
Pitching: RHP John Chomin
|
|
|
Batting: RHB John Nicolo
|
0-0: Fly out, F2 (Popup, 2RF, EV 96.9 MPH)
|
|
Batting: LHB Rodney Nealeigh
|
0-0: Ball 1-0: Ball 2-0: Fly out, F7 (Flyball, 7, EV 89.4 MPH)
|
|
Batting: RHB Alan Griffin
|
0-0: Ball 1-0: SOLO HOME RUN (Flyball, 78XD, EV 98.8 MPH), Distance : 418 ft
|
|
Batting: RHB Rich Renteria
|
0-0: Ball 1-0: Foul Ball, location: 2F 1-1: Ground out 4-3 (Groundball, 4, EV 81.3 MPH)
|
| Bottom of the 1st over - 1 run, 1 hit, 0 errors, 0 left on base; Cedar Rapids 1 - Wausau 1 |
| TOP OF THE 2ND |
|
Cedar Rapids Cardinals batting - Pitching for Wausau Timbers : RHP Brian Buckley
|
|
Batting: SHB Bryan Hoppie
|
0-0: Ball 1-0: Foul Ball, location: 2F 1-1: Foul Ball, location: 2F 1-2: Strikes out swinging
|
|
Batting: RHB Dean Kornacker
|
0-0: Ball 1-0: Fly out, F9 (Flyball, 9, EV 76.3 MPH)
|
|
Batting: SHB Duane Johnson
|
0-0: Swinging Strike 0-1: Ball 1-1: Foul Ball, location: 2F 1-2: Fly out, F6 (Popup, 6, EV 51.3 MPH)
|
| Top of the 2nd over - 0 runs, 0 hits, 0 errors, 0 left on base; Cedar Rapids 1 - Wausau 1 |
| BOTTOM OF THE 2ND |
|
Wausau Timbers batting - Pitching for Cedar Rapids Cardinals : RHP John Chomin
|
|
Batting: SHB James Flores
|
0-0: Foul Ball, location: 2F 0-1: Foul Ball, location: 2F 0-2: Ball 1-2: Fly out, F9 (Flyball, 9D, EV 105.6 MPH)
|
|
Batting: LHB Ricky Seilheimer
|
0-0: Ball 1-0: Ground out 1-3 (Groundball, 13S, EV 63.1 MPH)
|
|
Batting: RHB Bruce Chaney
|
0-0: Ball 1-0: Ball 2-0: Ball 3-0: Called Strike 3-1: Swinging Strike 3-2: Foul Ball, location: 2F 3-2: Fly out, F3 (Popup, 3F, EV 66.3 MPH)
|
| Bottom of the 2nd over - 0 runs, 0 hits, 0 errors, 0 left on base; Cedar Rapids 1 - Wausau 1 |
| TOP OF THE 3RD |
|
Cedar Rapids Cardinals batting - Pitching for Wausau Timbers : RHP Brian Buckley
|
|
Batting: RHB Nehames Bernstine
|
0-0: Ball 1-0: Called Strike 1-1: Fly out, F8 (Line Drive, 8LD, EV 88.1 MPH)
|
|
Batting: RHB Reggie D Williams
|
0-0: Foul Ball, location: 2F 0-1: Ball 1-1: Fly out, F4 (Popup, 4MD, EV 54.4 MPH)
|
|
Batting: RHB Winston Ficklin
|
0-0: Ball 1-0: Called Strike 1-1: Foul Ball, location: 2F 1-2: Fly out, F7 (Flyball, 7, EV 87.5 MPH)
|
| Top of the 3rd over - 0 runs, 0 hits, 0 errors, 0 left on base; Cedar Rapids 1 - Wausau 1 |
| BOTTOM OF THE 3RD |
|
Wausau Timbers batting - Pitching for Cedar Rapids Cardinals : RHP John Chomin
|
|
Batting: RHB Jeffrey Young
|
0-0: Ball 1-0: Ball 2-0: Reached on error, E9 (Flyball, 9S, EV 82.5 MPH)
|
|
Batting: RHB John Pignotti
|
0-0: Ball 1-0: Ball Jeffrey Young steals 2nd base 2-0: Ground out 6-3 (Groundball, 6MS, EV 85.0 MPH) Jeffrey Young to third
|
|
Batting: RHB John Nicolo
|
0-0: Ball 1-0: Ground out 4-3 (Groundball, 4MS, EV 73.8 MPH) Jeffrey Young scores
|
|
Batting: LHB Rodney Nealeigh
|
0-0: Called Strike 0-1: Foul Ball, location: 2F 0-2: Ball 1-2: Fly out, F9 (Flyball, 9, EV 90.6 MPH)
|
| Bottom of the 3rd over - 1 run, 0 hits, 1 error, 0 left on base; Cedar Rapids 1 - Wausau 2 |
| TOP OF THE 4TH |
|
Cedar Rapids Cardinals batting - Pitching for Wausau Timbers : RHP Brian Buckley
|
|
Batting: LHB Robert O'Leath
|
0-0: Called Strike 0-1: SINGLE (Line Drive, 56D, EV 95.0 MPH)
|
|
Batting: RHB Carson Carroll
|
0-0: Ball 1-0: Called Strike 1-1: Fielders Choice at 2nd, 6-4 (Groundball, 6, EV 100.0 MPH)
|
|
Batting: LHB Chris Henry
|
0-0: Ball Carson Carroll steals 2nd base 1-0: Ball 2-0: Called Strike 2-1: Ball 3-1: Called Strike 3-2: Foul Ball, location: 2F 3-2: Base on Balls
|
|
Batting: SHB Bryan Hoppie
|
0-0: Ball 1-0: Ball Carson Carroll is caught stealing 3rd base 2-5 Chris Henry to second 2-0: Ball 3-0: Called Strike 3-1: Base on Balls
|
|
Batting: RHB Dean Kornacker
|
0-0: Swinging Strike 0-1: Ground out U3 (Groundball, 34, EV 90.0 MPH)
|
| Top of the 4th over - 0 runs, 1 hit, 0 errors, 2 left on base; Cedar Rapids 1 - Wausau 2 |
| BOTTOM OF THE 4TH |
|
Wausau Timbers batting - Pitching for Cedar Rapids Cardinals : RHP John Chomin
|
|
Batting: RHB Alan Griffin
|
0-0: Swinging Strike 0-1: Foul Ball, location: 2F 0-2: Fly out, F8 (Flyball, 8RS, EV 86.9 MPH)
|
|
Batting: RHB Rich Renteria
|
0-0: Foul Ball, location: 2F 0-1: Reached on error, E5 (Groundball, 25, EV 92.5 MPH)
|
|
Batting: SHB James Flores
|
0-0: Called Strike 0-1: Ball Rich Renteria steals 2nd base 1-1: Ball 2-1: Foul Ball, location: 2F 2-2: Ball 3-2: Fly out, F5 (Popup, 56S, EV 75.6 MPH)
|
|
Batting: LHB Ricky Seilheimer
|
0-0: Called Strike 0-1: Ball 1-1: 2-RUN HOME RUN (Flyball, 9LD, EV 96.9 MPH), Distance : 356 ft
|
|
Batting: RHB Bruce Chaney
|
0-0: Ball 1-0: Called Strike 1-1: Called Strike 1-2: Ball 2-2: Ball 3-2: Foul Ball, location: 2F 3-2: SINGLE (Line Drive, 5D, EV 96.9 MPH)
|
|
Batting: RHB Jeffrey Young
|
0-0: Called Strike 0-1: Ball 1-1: Called Strike 1-2: Strikes out looking
|
| Bottom of the 4th over - 2 runs, 2 hits, 1 error, 1 left on base; Cedar Rapids 1 - Wausau 4 |
| TOP OF THE 5TH |
|
Cedar Rapids Cardinals batting - Pitching for Wausau Timbers : RHP Brian Buckley
|
|
Batting: SHB Duane Johnson
|
0-0: Ground out 6-3 (Groundball, 6, EV 77.5 MPH)
|
|
Batting: RHB Nehames Bernstine
|
0-0: Ball 1-0: Ball 2-0: Ball 3-0: Base on Balls
|
|
Batting: RHB Reggie D Williams
|
0-0: Fly out, F8 (Flyball, 89D, EV 77.5 MPH)
|
|
Batting: RHB Winston Ficklin
|
0-0: Called Strike 0-1: Foul Ball, location: 2F 0-2: Foul Ball, location: 2F 0-2: Ball 1-2: Ball 2-2: SINGLE (Groundball, 6S, EV 70.6 MPH) (infield hit) Nehames Bernstine to second
|
|
Batting: LHB Robert O'Leath
|
0-0: Ball 1-0: Called Strike 1-1: Ball 2-1: Ball 3-1: Base on Balls Nehames Bernstine to third Winston Ficklin to second
|
|
Batting: RHB Carson Carroll
|
0-0: Called Strike 0-1: Swinging Strike 0-2: Foul Ball, location: 2F 0-2: SINGLE (Line Drive, 9S, EV 98.1 MPH) Nehames Bernstine scores Winston Ficklin to third Robert O'Leath to second Runner from 3rd tries for Home, SAFE, throw by RF to home
|
|
Batting: LHB Chris Henry
|
0-0: Called Strike 0-1: Called Strike 0-2: Ball 1-2: Ball 2-2: Ball 3-2: Base on Balls Robert O'Leath to third Carson Carroll to second
|
|
Batting: SHB Bryan Hoppie
|
0-0: Ball 1-0: Ball 2-0: Ball 3-0: Base on Balls Robert O'Leath scores Carson Carroll to third Chris Henry to second
|
|
Batting: RHB Dean Kornacker
|
0-0: Called Strike 0-1: Ball 1-1: Called Strike 1-2: Ball 2-2: Ball 3-2: Foul Ball, location: 2F 3-2: Base on Balls Carson Carroll scores Chris Henry to third Bryan Hoppie to second
|
|
Batting: SHB Duane Johnson
|
0-0: Fly out, F8 (Line Drive, 8LD, EV 99.4 MPH)
|
| Top of the 5th over - 4 runs, 2 hits, 0 errors, 3 left on base; Cedar Rapids 5 - Wausau 4 |
| BOTTOM OF THE 5TH |
|
Wausau Timbers batting - Pitching for Cedar Rapids Cardinals : RHP John Chomin
|
|
Batting: RHB John Pignotti
|
0-0: Foul Ball, location: 2F 0-1: Ball 1-1: Fly out, F8 (Flyball, 8LXD, EV 89.4 MPH)
|
|
Batting: RHB John Nicolo
|
0-0: Ball 1-0: Ball 2-0: Foul Ball, location: 2F 2-1: Ground out 6-3 (Groundball, 6, EV 83.8 MPH)
|
|
Batting: LHB Rodney Nealeigh
|
0-0: Ball 1-0: SINGLE (Flyball, 8LS, EV 100.6 MPH)
|
|
Batting: RHB Alan Griffin
|
0-0: Ball 1-0: Ball Rodney Nealeigh is caught stealing 2nd base 2-4
|
| Bottom of the 5th over - 0 runs, 1 hit, 0 errors, 0 left on base; Cedar Rapids 5 - Wausau 4 |
| TOP OF THE 6TH |
|
Cedar Rapids Cardinals batting - Pitching for Wausau Timbers : RHP Brian Buckley
|
|
Batting: RHB Nehames Bernstine
|
0-0: Ball 1-0: Called Strike 1-1: Foul Ball, location: 2F 1-2: Strikes out looking
|
|
Batting: RHB Reggie D Williams
|
0-0: Foul Ball, location: 2F 0-1: Swinging Strike 0-2: Foul Ball, location: 2F 0-2: Ball 1-2: Ball 2-2: Foul Ball, location: 2F 2-2: Strikes out swinging
|
|
Pitching: RHP Alan Holbrook
|
|
|
Batting: RHB Winston Ficklin
|
0-0: Ball 1-0: Ball 2-0: Foul Ball, location: 2F 2-1: Foul Ball, location: 2F 2-2: Strikes out swinging
|
| Top of the 6th over - 0 runs, 0 hits, 0 errors, 0 left on base; Cedar Rapids 5 - Wausau 4 |
| BOTTOM OF THE 6TH |
|
Wausau Timbers batting - Pitching for Cedar Rapids Cardinals : RHP John Chomin
|
|
Batting: RHB Alan Griffin
|
0-0: Ground out 6-3 (Groundball, 6, EV 85.6 MPH)
|
|
Batting: RHB Rich Renteria
|
0-0: Ball 1-0: Called Strike 1-1: Ground out 1-3 (Groundball, 34S, EV 68.1 MPH)
|
|
Batting: SHB James Flores
|
0-0: Foul Ball, location: 2F 0-1: Called Strike 0-2: SINGLE (Line Drive, 89S, EV 107.5 MPH)
|
|
Batting: LHB Ricky Seilheimer
|
0-0: Called Strike 0-1: Ball 1-1: Ball 2-1: Ball 3-1: Base on Balls James Flores to second
|
|
Pinch Runner at 2nd Herman Lewis:
|
|
|
Batting: RHB Bruce Chaney
|
0-0: Called Strike 0-1: Ball 1-1: Ball 2-1: Ball 3-1: Foul Ball, location: 2F 3-2: Strikes out looking
|
| Bottom of the 6th over - 0 runs, 1 hit, 0 errors, 2 left on base; Cedar Rapids 5 - Wausau 4 |
| TOP OF THE 7TH |
|
Cedar Rapids Cardinals batting - Pitching for Wausau Timbers : RHP Alan Holbrook
|
|
Batting: LHB Robert O'Leath
|
0-0: SINGLE (Line Drive, 6MD, EV 99.4 MPH)
|
|
Batting: RHB Carson Carroll
|
0-0: Ball 1-0: Fly out, F9 (Flyball, 9LM, EV 81.3 MPH)
|
|
Batting: LHB Chris Henry
|
0-0: Called Strike 0-1: Fly out, F9 (Flyball, 9D, EV 91.3 MPH)
|
|
Batting: SHB Bryan Hoppie
|
0-0: Ball 1-0: Foul Ball, location: 2F 1-1: Ball 2-1: Ball 3-1: Foul Ball, location: 2F 3-2: Fly out, F7 (Flyball, 78S, EV 91.3 MPH)
|
| Top of the 7th over - 0 runs, 1 hit, 0 errors, 1 left on base; Cedar Rapids 5 - Wausau 4 |
| BOTTOM OF THE 7TH |
|
Wausau Timbers batting - Pitching for Cedar Rapids Cardinals : RHP John Chomin
|
|
Batting: RHB Jeffrey Young
|
0-0: Foul Ball, location: 2F 0-1: Foul Ball, location: 2F 0-2: Strikes out swinging
|
|
Batting: RHB John Pignotti
|
0-0: Ball 1-0: Ball 2-0: Ball 3-0: Called Strike 3-1: Called Strike 3-2: Foul Ball, location: 2F 3-2: SINGLE (Line Drive, 78S, EV 106.9 MPH)
|
|
Pinch Hitting: LHB Jerry Morton
|
0-0: Ball 1-0: Called Strike 1-1: Ball 2-1: Fly out, F9 (Flyball, 9LM, EV 93.8 MPH)
|
|
Batting: LHB Rodney Nealeigh
|
0-0: Fly out, F8 (Flyball, 78M, EV 82.5 MPH)
|
| Bottom of the 7th over - 0 runs, 1 hit, 0 errors, 1 left on base; Cedar Rapids 5 - Wausau 4 |
| TOP OF THE 8TH |
|
Cedar Rapids Cardinals batting - Pitching for Wausau Timbers : RHP Alan Holbrook
|
|
Now at SS: Harry Mauch
|
|
|
Batting: RHB Dean Kornacker
|
0-0: Ball 1-0: Called Strike 1-1: Ground out 5-3 (Groundball, 56S, EV 93.8 MPH)
|
|
Batting: SHB Duane Johnson
|
0-0: Ball 1-0: Ball 2-0: Swinging Strike 2-1: Foul Ball, location: 2F 2-2: Ball 3-2: Base on Balls
|
|
Batting: RHB Nehames Bernstine
|
0-0: Ball Wild Pitch! Duane Johnson to second 1-0: Ball 2-0: Ground out 4-3 (Groundball, P, EV 93.1 MPH) Duane Johnson to third
|
|
Pitching: RHP Robert Mettler
|
|
|
Batting: RHB Reggie D Williams
|
0-0: Called Strike 0-1: Ball 1-1: Ball 2-1: Ball 3-1: Called Strike 3-2: Ground out 5-3 (Groundball, 56S, EV 68.8 MPH)
|
| Top of the 8th over - 0 runs, 0 hits, 0 errors, 1 left on base; Cedar Rapids 5 - Wausau 4 |
| BOTTOM OF THE 8TH |
|
Wausau Timbers batting - Pitching for Cedar Rapids Cardinals : RHP John Chomin
|
|
Batting: RHB Alan Griffin
|
0-0: Called Strike 0-1: Reached on error, E6 (Groundball, 6M, EV 96.9 MPH)
|
|
Batting: RHB Rich Renteria
|
0-0: Called Strike 0-1: Ball 1-1: Grounds into double play, 4-6-3 (Groundball, 4, EV 86.9 MPH)
|
|
Batting: SHB Herman Lewis
|
0-0: Called Strike 0-1: Ground out U3 (Groundball, 3, EV 82.5 MPH)
|
| Bottom of the 8th over - 0 runs, 0 hits, 1 error, 0 left on base; Cedar Rapids 5 - Wausau 4 |
| TOP OF THE 9TH |
|
Cedar Rapids Cardinals batting - Pitching for Wausau Timbers : RHP Robert Mettler
|
|
Pitching: RHP Rafael Ramirez
|
|
|
Batting: RHB Winston Ficklin
|
0-0: Ball 1-0: Foul Ball, location: 2F 1-1: Ball 2-1: Fly out, F9 (Flyball, 9LS, EV 71.3 MPH)
|
|
Batting: LHB Robert O'Leath
|
0-0: Ball 1-0: Ground out 3-1 (Groundball, 34S, EV 81.9 MPH)
|
|
Batting: RHB Carson Carroll
|
0-0: Ball 1-0: Swinging Strike 1-1: Foul Ball, location: 2F 1-2: Ball 2-2: Ball 3-2: Foul Ball, location: 2F 3-2: Strikes out swinging
|
| Top of the 9th over - 0 runs, 0 hits, 0 errors, 0 left on base; Cedar Rapids 5 - Wausau 4 |
| BOTTOM OF THE 9TH |
|
Wausau Timbers batting - Pitching for Cedar Rapids Cardinals : RHP John Chomin
|
|
Pitching: RHP Jeffrey Musser
|
|
|
Batting: LHB Ricky Seilheimer
|
0-0: Fly out, F9 (Flyball, 9, EV 76.3 MPH)
|
|
Batting: RHB Bruce Chaney
|
0-0: Called Strike 0-1: Called Strike 0-2: Strikes out swinging
|
|
Pinch Hitting: RHB Douglas Davis
|
0-0: Ball 1-0: SINGLE (Groundball, 56, EV 100.6 MPH)
|
|
Batting: RHB John Pignotti
|
0-0: Called Strike 0-1: Ball 1-1: Ball 2-1: Ball 3-1: Called Strike 3-2: Foul Ball, location: 2F 3-2: Foul Ball, location: 2F 3-2: SINGLE (Groundball, 13, EV 85.0 MPH) (infield hit) Douglas Davis to second
|
|
Pinch Hitting: RHB Kevin McDaniel
|
0-0: Ball 1-0: Ball 2-0: Ball 3-0: Base on Balls Douglas Davis to third John Pignotti to second
|
|
Batting: LHB Rodney Nealeigh
|
0-0: Foul Ball, location: 2F 0-1: Swinging Strike 0-2: Foul Ball, location: 2F 0-2: Foul Ball, location: 2F 0-2: Ball 1-2: Strikes out swinging
|
| Bottom of the 9th over - 0 runs, 2 hits, 0 errors, 3 left on base; Cedar Rapids 5 - Wausau 4 |
|